 Dungeon Crawl Stone Soup version 0.21-a0-513-gdcb3f5e (webtiles) character file.

27 theanonym the Skirmisher (level 3, -2/24 HPs)
             Began as a Gargoyle Fighter on Dec 1, 2017.
             Slain by an adder (3 damage)
             ... on level 1 of the Dungeon.
             The game lasted 00:01:16 (932 turns).

theanonym the Skirmisher (Gargoyle Fighter)          Turns: 932, Time: 00:01:17

Health: -2/24      AC: 10    Str: 25    XL:     3   Next: 10%
Magic:  3/3        EV:  7    Int:  8    God:
Gold:   39         SH:  9    Dex:  9    Spells: 2/2 levels left

rFire    . . .     SeeInvis .   a - +0 flail
rCold    . . .     Gourm    .   c - +0 shield
rNeg     + . .     Faith    .   b - +0 scale mail
rPois    ∞         Spirit   .   (no helmet)
rElec    +         Reflect  .   (no cloak)
rCorr    .         Harm     .   (no gloves)
MR       .....                  (no boots)
Stlth    ..........             (no amulet)
HPRegen  0.08/turn              (no ring)
MPRegen  0.08/turn              (no ring)

@: mighty
A: negative energy resistance 1, electricity resistance, unbreathing,
petrification resistance, rot immunity, AC +3
a: no special abilities


Innate Abilities, Weirdness & Mutations

You are resistant to torment.
Your stone body is resilient. (AC +3)
You are immune to poison.
You resist negative energy. (rN+)
You are resistant to electric shocks. (rElec)
You can survive without breathing.
You are immune to petrification.
You are immune to rotting.


   Skills:
 + Level 3.7 Fighting
 * Level 3.0 Maces & Flails
 - Level 3.2 Armour
 - Level 3.2 Shields


You had 2 spell levels left.
You didn't know any spells.

Skill      XL: |  1  2 |
---------------+-------+-----
Maces & Flails | 3 |  3.0
Fighting       | |  3.7
Armour         | |  3.2
Shields        | |  3.2

Action                   || total
-------------------------++-------
Melee: Flail             ||   115
  Use: Potion            ||     1
Armor: Scale mail        ||    95
Dodge: Dodged            ||    64
Block: Shield            ||    82

Inventory:

Hand Weapons
 a - a +0 flail (weapon)
Armour
 b - a +0 scale mail (worn)
 c - a +0 shield (worn)
Scrolls
 g - a scroll of remove curse {unknown}
 h - a scroll of enchant armour {unknown}
 k - a scroll of fog {unknown}
 l - a scroll of identify {unknown}
Potions
 e - a potion of brilliance {unknown}
 i - a potion of lignification {unknown}
Comestibles
 f - a bread ration

Dungeon Overview and Level Annotations

Branches:
Dungeon (2/15)

Altars:


You were on level 1 of the Dungeon.
You were not hungry.

You visited 1 branch of the dungeon, and saw 2 of its levels.

You collected 39 gold pieces.


Message History

You kill the rat!
The giant cockroach barely misses you.
You closely miss the giant cockroach. The giant cockroach barely misses you.
You hit the giant cockroach.
You kill the giant cockroach!
Things that are here:
a stone; a rat corpse; a frilled lizard corpse You start resting.
Health restored: 24 You butcher the rat corpse.
j - 4 chunks of flesh (gained 1)
You butcher the frilled lizard corpse.
j - 5 chunks of flesh (gained 1)
You see here a stone. x2
You now have 20 gold pieces (gained 7).
You now have 33 gold pieces (gained 13).
Some of the chunks of flesh in your inventory have rotted away.
Key pressed, stopping explore.
All of the chunks of flesh in your inventory have rotted away.
Found a stone staircase leading down.
Key pressed, stopping explore.
You now have 39 gold pieces (gained 6).
There is a stone staircase leading down here.
Done exploring.
Done exploring.
Done exploring.
No target in view!
Done exploring.
Done exploring.
There is a stone staircase leading down here.
You climb downwards.
A rat and 2 kobolds come into view.
The kobold shouts! x2; You hear a shout!
You hear an angry hiss. x2
Found a leather armour.
There is a stone staircase leading up here.
There are monsters nearby!
You closely miss the kobold. The kobold hits you but does no damage.
Your shield and scale mail prevent you from hitting the kobold.
You block the kobold's attack.
An adder comes into view.
You hit the kobold.
You kill the kobold!
An adder and a kobold come into view.
Your shield and scale mail prevent you from hitting the kobold.
The kobold barely misses you. The kobold hits you but does no damage.
You closely miss the rat. You block the rat's attack.
The kobold closely misses you.
Your shield and scale mail prevent you from hitting the adder.
The adder bites you. The rat bites you but does no damage.
You block the kobold's attack. The kobold hits you.
The rat bites you but does no damage.
You take 5 damage, and have 19/24 hp.
MASSIVE DAMAGE!!
You hit the adder but do no damage. The kobold completely misses you.
The kobold hits you. The adder closely misses you.
The adder bites you but does no damage. The rat bites you but does no damage.
You block the adder's attack. The kobold hits you but does no damage.
The kobold completely misses you. You block the adder's attack.
The rat bites you but does no damage.
You climb upwards.
There is a stone staircase leading down here.
You closely miss the rat. The adder bites you. x2
You block the kobold's attack. The kobold hits you but does no damage.
The adder bites you but does no damage. The rat barely misses you.
The adder barely misses you. The kobold barely misses you. x2
You take 4 damage, and have 15/24 hp.
You closely miss the rat. The adder barely misses you.
The adder bites you but does no damage. You block the rat's attack.
The kobold hits you but does no damage. You block the adder's attack.
The kobold hits you but does no damage.
You closely miss the rat. You block the adder's attack.
The rat bites you but does no damage. The adder bites you.
* * * LOW HITPOINT WARNING * * *
The kobold closely misses you. The adder bites you but does no damage.
You block the kobold's attack. The rat bites you but does no damage.
The adder bites you.
* * * LOW HITPOINT WARNING * * *
You take 6 damage, and have 9/24 hp.
MASSIVE DAMAGE!!
You feel very mighty all of a sudden. The adder bites you but does no damage.
You block the kobold's attack. The kobold barely misses you.
The adder bites you.
* * * LOW HITPOINT WARNING * * *
The rat bites you but does no damage.
You take 2 damage, and have 7/24 hp.
You closely miss the rat. The adder bites you but does no damage.
The kobold hits you but does no damage. You block the adder's attack.
The kobold hits you but does no damage. The adder bites you but does no damage.
The rat bites you but does no damage. The adder bites you but does no damage.
You block the kobold's attack. The kobold hits you but does no damage.
You closely miss the rat. The adder barely misses you. x2
The rat bites you but does no damage. The kobold hits you but does no damage.
You block the kobold's attack. You block the adder's attack.
You barely miss the rat. The adder bites you.
* * * LOW HITPOINT WARNING * * *
You block the adder's attack. The rat bites you.
* * * LOW HITPOINT WARNING * * *
You block the kobold's attack. The kobold hits you but does no damage.
The adder bites you.
* * * LOW HITPOINT WARNING * * *
The rat bites you but does no damage. The adder bites you.
You die...

# #.# #.# #.# # #.# #.#
####.#### #.# ###.# #........
#.# #...# #.##.#### #.# #.###
#.##.# ##.######.# #.##.#
#.......#.# #.##.#
#..####.#.############.##.#
####...........S@K........##.#
......####.....rKS......####.#
####.## #....#########.# #.#
#.# #.#### #.# #.# #.# #.# #.#
#.# #.# #.# #.# #.# #.# #.#
#.# #.# #.# #.# ######.# #.#
####.#####)#######......# #.#


You could see 2 adders, 2 kobolds and a rat.

Notes
Turn   | Place    | Note
-------+----------+-------------------------------------------
     0 | D:1      | theanonym the Gargoyle Fighter began the quest for the Orb.
     0 | D:1      | Reached XP level 1. HP: 14/14 MP: 1/1
   254 | D:1      | Reached XP level 2. HP: 19/19 MP: 2/2
   598 | D:1      | Reached skill level 3 in Maces & Flails
   598 | D:1      | HP: 9/20 [rat (2)]
   601 | D:1      | Reached XP level 3. HP: 11/24 MP: 3/3
   928 | D:1      | HP: 12/24 [adder (3)]
   932 | D:1      | HP: 4/24 [rat (2)]
   932 | D:1      | HP: 1/24 [adder (3)]
   932 | D:1      | Slain by an adder

Vanquished Creatures
  2 dart slugs (D:1)
  3 bats (D:1)
  A giant cockroach (D:1)
  3 goblins (D:1)
  2 hobgoblins (D:1)
  3 jackals (D:1)
  2 frilled lizards (D:1)
  3 kobolds
  2 rats (D:1)
21 creatures vanquished.
